 Dungeon Crawl Stone Soup version 0.26.1-11-gd32895ea62 (webtiles) character file.

Game seed: 10765747284045752231

56 nightchill the Sneak (level 4, 0/25 HPs)
             Began as a Kobold Enchanter on July 19, 2021.
             Slain by a sky beast (2 damage)
             ... on level 2 of the Dungeon.
             The game lasted 00:07:07 (2592 turns).

nightchill the Sneak (Kobold Enchanter)             Turns: 2592, Time: 00:07:07

Health: 0/25       AC:  2    Str:  6    XL:     4   Next: 17%
Magic:  6/7        EV: 15    Int: 16    God:
Gold:   83         SH:  0    Dex: 15    Spells: 1/7 levels left

rFire    . . .     SeeInvis .   a - +1 dagger
rCold    . . .     Faith    .   (shield restricted)
rNeg     . . .     Spirit   .   b - +0 robe
rPois    .         Reflect  .   (no helmet)
rElec    .         Harm     .   (no cloak)
rCorr    .         Rampage  .   (no gloves)
Will     .....                  (no boots)
Stlth    ++++......             (no amulet)
HPRegen  0.08/turn              (no ring)
MPRegen  0.10/turn              (no ring)

@: no status effects
A: small, nightstalker 3
a: no special abilities


You were on level 2 of the Dungeon.
You visited 1 branch of the dungeon, and saw 2 of its levels.

You collected 83 gold pieces.

Inventory:

Hand Weapons
 a - a +1 dagger (weapon)
Armour
 b - a +0 robe (worn)
Jewellery
 d - an uncursed ring of stealth {unknown}
Scrolls
 c - 5 scrolls of identify {unknown}
 e - 4 scrolls of fog {unknown}
 f - 4 scrolls of immolation {unknown}
 j - a scroll of remove curse {unknown}
Potions
 g - a potion of brilliance {unknown}
 h - a potion of might {unknown}
 i - a potion of attraction {unknown}


   Skills:
 + Level 1.3 Fighting
 * Level 3.0 Short Blades
 - Level 2.4 Dodging
 + Level 4.4 Stealth
 - Level 2.1 Spellcasting
 * Level 3.6 Hexes


You had one spell level left.
You knew the following spells:

 Your Spells              Type           Power        Failure   Level
a - Corona                Hex            14%          4%          1
b - Ensorcelled Hibernat  Hex/Ice        14%          14%         2
c - Confusing Touch       Hex            13%          14%         3

Your spell library contained the following spells:

 Spells                   Type           Power        Failure   Level
 Tukima's Dance           Hex            13%          14%         3
 Dazzling Flash           Conj/Hex       14%          28%         3


Dungeon Overview and Level Annotations

Branches:
Dungeon (2/15)

Altars:

Annotations:
D:1 exclusion: downstairs


Innate Abilities, Weirdness & Mutations

You are small and have problems with some larger weapons.
You are completely attuned to the shadows.


Message History

You hit the sky beast.
The sky beast is moderately wounded.
The sky beast misses you.
You hit the sky beast but do no damage.
The sky beast is moderately wounded.
The sky beast misses you.
You hit the sky beast but do no damage.
The sky beast is moderately wounded.
The sky beast completely misses you.
You hit the sky beast.
The sky beast is moderately wounded.
The sky beast seems less confused.
The sky beast flickers out of sight!
Deactivating autopickup; reactivate with Ctrl-A.
Something hits you.
* * * LOW HITPOINT WARNING * * *
Something shocks you.
* * * LOW HITPOINT WARNING * * *
You barely miss something. Something hits you.
You die...

#.#.#.#.# .# ###
#.#.....## # ).#
#.#...#..#.# #.#
#.###.#..#.#........
#.#####.# #.#....#........
#..รท....#
#.#.............
###########....####.>...##
............#.............
.###.#..........@.........
...#.#..##.[.#...{........
...#.....#<..#......##....
...+...#.#...#......# g.(.
...#####...###......# ....
...# ##...........#
...#### #....##.....#
#.....# #....##.....#
#####.# #....##.....#


There were no monsters in sight!

Vanquished Creatures
  2 worms (D:2)
  2 dart slugs (D:1)
  2 leopard geckos
  A giant cockroach (D:1)
  8 goblins
  6 hobgoblins
  2 jackals (D:2)
  A ball python (D:2)
  3 bats
  4 frilled lizards
  8 kobolds
  4 rats
43 creatures vanquished.

Notes
Turn   | Place    | Note
-------+----------+-------------------------------------------
     0 | D:1      | nightchill the Kobold Enchanter began the quest for the
                  | Orb.
     0 | D:1      | Reached XP level 1. HP: 10/10 MP: 3/3
   136 | D:1      | Reached XP level 2. HP: 16/16 MP: 5/5
   725 | D:1      | Reached skill level 1 in Fighting
   725 | D:1      | Reached XP level 3. HP: 20/20 MP: 6/6
   826 | D:1      | Learned a level 2 spell: Ensorcelled Hibernation
   830 | D:1      | Learned a level 3 spell: Confusing Touch
  1960 | D:2      | Reached XP level 4. HP: 25/25 MP: 2/7
  2143 | D:2      | Noticed a sky beast
  2592 | D:2      | Slain by a sky beast

Illustrated notes

Levels and vault maps discovered:
D:1:      minmay_arrival_cross, layout_loops_ring, patterned_corridor
D:2:      layout_basic, dancing_weapons_uskayaw, minmay_lizard_pond

Skill      XL: |  1  2  3  4 |
---------------+-------------+-----
Short Blades   | 2 3 |  3.0
Fighting       | 1 |  1.3
Dodging        | |  2.4
Stealth        | |  4.4
Spellcasting   | |  2.1
Hexes          | |  3.6

Action                   |  1- 3 |  4- 6 || total
-------------------------+-------+-------++-------
Melee: Dagger            |   107 |    44 ||   151
 Cast: Corona            |    12 |     3 ||    15
       Ensorcelled Hiber |     5 |     5 ||    10
       Confusing Touch   |     2 |     2 ||     4
 Stab: Sleeping          |    19 |     2 ||    21
       Confused          |       |     1 ||     1
Armor: Robe              |    13 |     3 ||    16
Dodge: Dodged            |    57 |    23 ||    80
